 Dungeon Crawl Stone Soup version 0.28-a0-653-g7e9dba17c3 (webtiles) character file.

Game seed: 5380017109742159713

80983 meatgazer the Warrior (level 15, -11/147 HPs)
             Began as a Minotaur Berserker on Oct 11, 2021.
             Was an Elder of Trog.
             Mangled by an Executioner (14 damage)
             ... on level 3 of the Abyss.
             The game lasted 00:52:48 (23581 turns).

meatgazer the Warrior (Minotaur Berserker)         Turns: 23581, Time: 00:52:49

Health: -11/147    AC: 23    Str: 30    XL:     15   Next: 25%
Magic:  15/15      EV: 11    Int:  6    God:    Trog [****..]
Gold:   2087       SH:  0    Dex: 16    Spells: 14/14 levels left

rFire   . . .      SeeInvis .   l - +6 demon blade (flame)
rCold   . . .      Faith    .   (no shield)
rNeg    . . .      Spirit   .   f - +1 scale mail
rPois   .          Reflect  +   r - +2 hat
rElec   +          Harm     .   w - +1 cloak "Ossetwuf" {Rampage}
rCorr   +          Rampage  +   B - +2 pair of gloves
Will    +....                   j - +2 pair of boots
Stlth   ..........              i - amulet "Vaupniy" {Reflect Regen+ rCorr SH+5}
HPRegen 1.34/turn               e - +4 ring of slaying
MPRegen 0.14/turn               K - +6 ring of strength

@: confused, about to teleport, on berserk cooldown, slowed, very slow
A: horns 2, retaliatory headbutt, claws 1, iridescent scales 1, agile 2, high mp
1, electricity resistance
a: Renounce Religion, Berserk, Trog's Hand, Brothers in Arms


You were on level 3 of the Abyss.
You worshipped Trog.
Trog was greatly pleased with you.
You visited 3 branches of the dungeon, and saw 22 of its levels.
You visited the Abyss 1 time.
You also visited: Ossuary and Gauntlet.

You collected 3155 gold pieces.
You spent 1068 gold pieces at shops.

Inventory:

Hand Weapons
 b - the +8 short sword of Refout {flame, SInv}
   (You found it on level 12 of the Dungeon)

   It burns those it strikes, dealing additional fire damage.
   SInv:      It lets you see invisible.
 l - a +6 demon blade of flaming (weapon)
 u - the +1 hand crossbow "Nuit" {freeze, rC++ rN+}
   (You found it on level 7 of the Dungeon)

   Any ammunition fired from it freezes those it strikes, dealing additional
   cold damage.
   It can also slow down cold-blooded creatures.
   rC:        It greatly protects you from cold.
   rN:        It protects you from negative energy.
Missiles
 N - 20 bolts
Armour
 f - a +1 scale mail (worn)
 j - a +2 pair of boots (worn)
 r - a +2 hat (worn)
 w - the +1 cloak "Ossetwuf" (worn) {Rampage}
   (You found it in a Gauntlet)

   Rampage:   It bestows one free step when moving towards enemies.
 B - a +2 pair of gloves (worn)
 Q - a +2 kite shield of protection
Jewellery
 e - a +4 ring of slaying (left hand)
 g - a ring of flight
 i - the amulet "Vaupniy" (around neck) {Reflect Regen+ rCorr SH+5}
   (You bought it in a shop on level 12 of the Dungeon)

   [amulet of reflection]

   It reflects blocked missile attacks.
   Regen:     It increases your rate of health regeneration.
   rCorr:     It protects you from acid and corrosion.
   SH:        It affects your SH (+5).
 o - the amulet "Nioxueb" {Faith Fly rN+ Regen+ Dex-2}
   (You found it in a Gauntlet)

   [amulet of faith]

   It allows you to gain divine favour quickly.
   Dex:       It affects your dexterity (-2).
   rN:        It protects you from negative energy.
   Fly:       It grants you flight.
   Regen:     It increases your rate of health regeneration.
 q - a ring of see invisible
 K - a +6 ring of strength (right hand)
Wands
 a - a wand of iceblast (21)
 n - a wand of digging (6)
 p - a wand of flame (39)
 s - a wand of paralysis (21)
 J - a wand of mindburst (13)
 M - a wand of acid (4)
Scrolls
 c - 9 scrolls of identify
 k - 6 scrolls of teleportation
 m - a scroll of holy word
 F - 4 scrolls of fog
 G - a scroll of fear
 O - 2 scrolls of magic mapping
Potions
 d - 9 potions of curing
 h - 4 potions of cancellation
 t - 2 potions of might
 v - a potion of berserk rage
 z - 2 potions of mutation
 A - 2 potions of haste
 H - 10 potions of ambrosia
 I - 2 potions of resistance
 L - 3 potions of heal wounds
Miscellaneous
 x - a tin of tremorstones (1/2)
 D - a box of beasts


   Skills:
 + Level 17.2 Fighting
 + Level 2.8(10.7) Short Blades
 + Level 17.2(17.3) Long Blades
 - Level 11.0 Crossbows
 - Level 11.0 Armour
 - Level 2.1 Dodging
 * Level 5.5 Shields
 + Level 11.5 Evocations


You had 14 spell levels left.
You didn't know any spells.
Your spell library was empty.

Dungeon Overview and Level Annotations

Branches:
Dungeon (14/15)            Temple (0/1) D:7            Lair (6/6) D:9
 Shoals (0/4) Lair:4        Snake (0/4) Lair:3        Slime (0/5) Lair:6
    Orc (2/2) D:11            Elf (0/3) Orc:2       Ossuary (visited)
Gauntlet (visited)
 Vaults: D:13-14

Altars:
Ashenzari
Cheibriados
Dithmenos
Elyvilon
Fedhas
Hepliaklqana
Kikubaaqudgha
Qazlal
Ru
Uskayaw
Vehumet
Wu Jian
Yredelemnul
The Shining One
Beogh
Jiyva

Shops:
D:6 (   D:12 =   Orc:1 ?   Orc:2 [[([

Annotations:
D:14 Louise


Innate Abilities, Weirdness & Mutations

You have a pair of horns on your head.
You reflexively headbutt those who attack you in melee.
You have sharp fingernails.
You are partially covered in iridescent scales. (AC +2)
You are very agile. (Dex +4)
You have an increased reservoir of magic. (+10% MP)
You are resistant to electric shocks. (rElec)


Message History

You slash the small abomination! You burn the small abomination.
The small abomination is moderately damaged.
The Executioner hits you!! The Executioner hits you!
The Executioner hits you but does no damage.
You're too confused to move!
The Executioner hits you!
* * * LOW HITPOINT WARNING * * *
The Executioner closely misses you.
The Executioner hits you but does no damage.
The flying skull hits you.
* * * LOW HITPOINT WARNING * * *
A large abomination comes into view.
The golden eye blinks at you.
You are more confused.
The glowing orange brain pulsates.
The large slime creature hits you!!
* * * LOW HITPOINT WARNING * * *
The large abomination hits you but does no damage.
The golden eye blinks at you. You resist with almost no effort.
A very large slime creature splits.
The golden eye blinks!
A large abomination comes into view.
The golden eye blinks!
The Executioner closely misses you.
The Executioner hits you but does no damage. x2
The large abomination hits you!!
* * * LOW HITPOINT WARNING * * *
You completely miss the Executioner. You headbutt the Executioner!
The Executioner is lightly wounded.
The Executioner hits you.
* * * LOW HITPOINT WARNING * * *
The Executioner hits you but does no damage. x2
The flying skull hits you but does no damage.
A large abomination comes into view.
You are too berserk!
You slice the large slime creature like a ripe choko!!!
You burn the large slime creature!
The large slime creature is heavily wounded.
You are no longer berserk.
You are exhausted.
You feel yourself slow down. The Executioner hits you!
You die... ###...X#GzG# X..J..##### ##Xx###J..... #.X##N#...X.# #GX+GS#JXx#.+ #xX##ยง#Gx...# #xxXz1xGx..X

#xXX@2z2.###
###JJJXG.G.#
###XX##.##
#XX#+#X
#X.... #..##
###


You could see 2 cacodemons, an Executioner (fast), a very large slime creature,
2 large slime creatures, 3 slime creatures, 2 shining eyes, 2 glowing orange
brains, 19 large abominations, a guardian serpent (summoned), a naga mage
(summoned), 9 small abominations, 3 flying skulls and 4 golden eyes.

Vanquished Creatures
  Jorgrun (D:12)
  A tentacled starspawn (Abyss:3)
  A minotaur (Gauntlet)
  An ettin (D:11)
  A fire dragon (Lair:6)
  Snorg (Orc:1)
  2 boulder beetles
  9 hydras
  An ogre mage (D:13)
  3 centaur warriors (D:13)
  3 two-headed ogres
  2 death yaks (Lair:6)
  3 tengu warriors (D:13)
  An orc high priest (Orc:2)
  Pikel (D:6)
  A deep elf pyromancer (D:13)
  5 lindwurms (Lair:6)
  4 orc knights
  2 cyclopes
  2 manticores
  14 elephants
  5 centaur zombies
  A black mamba (Lair:5)
  3 torpor snails (Lair:3)
  2 molten gargoyles (Lair:6)
  3 unseen horrors
  8 cane toads
  5 rime drakes
  Maggie (D:9)
  13 komodo dragons
  Psyche (D:9)
  2 trolls
  A tengu conjurer (D:13)
  5 polar bears
  A queen bee (Lair:3)
  A wind drake (Lair:4)
  Grinder (D:6)
  Prince Ribbit (D:6)
  A hornet (D:8)
  23 blink frogs
  12 dream sheep
  5 flying skulls (Abyss:3)
  A shadow (D:10)
  44 yaks
  A fire bat (Gauntlet)
  5 wyverns
  5 basilisks
  5 steam dragons
  3 nagas (Lair:3)
  An acid dragon (D:6)
  A warg (Orc:2)
  20 water moccasins
  4 hell hounds (Lair:6)
  26 orc warriors
  A black bear (Lair:3)
  A necrophage (D:8)
  3 sky beasts
  A small abomination (Abyss:3)
  2 hornet zombies
  8 ogres
  6 wolves (Lair:2)
  4 boggarts (D:13)
  A lemure (D:6)
  13 centaurs
  A kobold brigand (D:7)
  2 elf zombies (Ossuary)
  A wyvern zombie (D:7)
  12 bullfrogs
  3 scorpions
  26 killer bees
  3 howler monkeys
  3 wights (D:7)
  3 electric eels
  5 lava snakes (Lair:6)
  A human zombie (Ossuary)
  17 orc priests
  2 gnoll shamans
  3 hounds
  A jelly (D:5)
  Crazy Yiuf (D:5)
  A bullfrog skeleton (D:7)
  A centaur skeleton (D:7)
  6 iguanas
  24 orc wizards
  5 hell rats (Lair:2)
  2 hound zombies (Ossuary)
  4 mummies (Ossuary)
  A howler monkey zombie (D:9)
  9 adders
  12 gnolls
  2 white imps
  2 ufetubi
  An adder zombie (Ossuary)
  An adder skeleton (D:4)
  3 worms
  2 dart slugs
  103 orcs
  5 endoplasms
  4 giant cockroaches
  6 goblins
  12 hobgoblins
  3 jackals (D:1)
  15 kobolds
  2 quokkas
  3 ball pythons
  7 bats
  A gnoll zombie (Ossuary)
  3 hobgoblin zombies (Ossuary)
  A kobold zombie (Ossuary)
  An orc zombie (Ossuary)
  6 rats
642 creatures vanquished.

Vanquished Creatures (collateral kills)
  An orc warlord (Orc:2)
  A green death (Gauntlet)
  A hydra (Lair:4)
  A hell hog (Gauntlet)
  A death yak (Lair:6)
  6 elephants
  2 black mambas
  A troll (Orc:2)
  2 blink frogs (Lair:4)
  Sigmund (D:5)
  A fire bat (Gauntlet)
  A warg (Orc:2)
  2 water moccasins
  2 hell hounds (Gauntlet)
  An ogre (Orc:2)
  2 bullfrogs
  A killer bee (Lair:3)
  2 orc priests
  3 gnolls (D:5)
  7 orcs
39 creatures vanquished.

Vanquished Creatures (others)
  10 bushes (D:9)
  21 fungi
  16 plants
  4 starspawn tentacles (Abyss:3)
51 creatures vanquished.

Grand Total: 732 creatures vanquished

Notes
Turn   | Place    | Note
-------+----------+-------------------------------------------
     0 | D:1      | meatgazer the Minotaur Berserker began the quest for the
                  | Orb.
     0 | D:1      | Reached XP level 1. HP: 19/19 MP: 0/0
   178 | D:1      | Reached XP level 2. HP: 16/27 MP: 1/1
   621 | D:2      | Reached XP level 3. HP: 34/34 MP: 2/2
   896 | D:2      | Reached ** piety under Trog
  1191 | D:2      | Reached XP level 4. HP: 29/41 MP: 3/3
  1659 | D:3      | Reached skill level 5 in Long Blades
  1662 | D:3      | Reached skill level 5 in Fighting
  2043 | D:3      | Found a glowing golden altar of the Shining One.
  2083 | D:3      | Noticed a scorpion
  2089 | D:3      | Killed a scorpion
  2090 | D:3      | Reached XP level 5. HP: 50/50 MP: 4/4
  2330 | D:3      | Found a faded altar of an unknown god.
  2339 | D:3      | Gained mutation: You are frail. (-10% HP) [potion of
                  | mutation]
  2339 | D:3      | Gained mutation: Your body sometimes deteriorates upon
                  | taking damage. [potion of mutation]
  2339 | D:3      | Gained mutation: You expend magic power (3 MP) to
                  | strengthen your wands. [potion of mutation]
  2339 | D:3      | Gained mutation: You are agile. (Dex +2) [potion of
                  | mutation]
  2488 | D:4      | Reached *** piety under Trog
  2559 | D:4      | Reached XP level 6. HP: 17/52 MP: 5/5
  3785 | D:5      | Entered Level 5 of the Dungeon
  3787 | D:5      | Found a shadowy altar of Dithmenos.
  3837 | D:5      | Reached XP level 7. HP: 59/59 MP: 6/6
  3927 | D:5      | Noticed Sigmund
  3938 | D:5      | Killed Sigmund
  4080 | D:5      | Reached XP level 8. HP: 40/67 MP: 7/7
  4701 | D:5      | Found a runed translucent door.
  4702 | D:5      | Noticed Crazy Yiuf
  4709 | D:5      | Killed Crazy Yiuf
  4776 | D:6      | Noticed Pikel
  4783 | D:6      | Killed Pikel
  4784 | D:6      | Reached skill level 10 in Fighting
  4784 | D:6      | Reached skill level 10 in Long Blades
  4875 | D:6      | Found Vesh's Antique Weapon Boutique.
  4989 | D:6      | Found a sand-covered staircase.
  4993 | D:6      | Noticed Grinder
  4997 | Ossuary  | Entered an ossuary
  5009 | Ossuary  | Reached **** piety under Trog
  5010 | Ossuary  | Reached XP level 9. HP: 77/77 MP: 8/8
  5231 | D:6      | Killed Grinder
  5322 | D:6      | Noticed Prince Ribbit
  5336 | D:6      | Killed Prince Ribbit
  6051 | D:7      | Found a broken altar of Ashenzari.
  6331 | D:7      | Found a staircase to the Ecumenical Temple.
  6333 | D:7      | Found a hazy altar of Hepliaklqana.
  6526 | D:7      | Reached XP level 10. HP: 90/90 MP: 9/9
  6562 | D:7      | Identified the +1 hand crossbow "Nuit" {freeze, rC++ rN+}
  6609 | D:7      | Reached skill level 1 in Crossbows
  6609 | D:7      | Reached ***** piety under Trog
  6950 | D:7      | Lost mutation: Your body sometimes deteriorates upon taking
                  | damage. [potion of mutation]
  6950 | D:7      | Lost mutation: You are frail. (-10% HP) [potion of
                  | mutation]
  6950 | D:7      | Gained mutation: You have sharp fingernails. [potion of
                  | mutation]
  6950 | D:7      | Gained mutation: You have an increased reservoir of magic.
                  | (+10% MP) [potion of mutation]
  7723 | D:9      | Found a staircase to the Lair.
  7896 | D:9      | Noticed Maggie
  7903 | D:9      | Killed Maggie
  8060 | D:9      | Received a gift from Trog
  8178 | D:9      | Noticed Psyche
  8181 | D:9      | Killed Psyche
  8266 | D:9      | Found a blossoming altar of Fedhas.
  8275 | D:9      | Reached skill level 5 in Crossbows
  8495 | D:9      | Found a hide-covered altar of Uskayaw.
  8678 | D:10     | Entered Level 10 of the Dungeon
  8733 | Lair:1   | Entered Level 1 of the Lair of Beasts
  8792 | Lair:1   | Reached XP level 11. HP: 108/108 MP: 11/11
  8861 | Lair:1   | Reached skill level 1 in Evocations
 10639 | Lair:2   | Noticed a seven-headed hydra
 10647 | Lair:2   | Reached skill level 5 in Armour
 10977 | Lair:2   | Killed a nine-headed hydra
 11146 | Lair:2   | Reached skill level 5 in Evocations
 11153 | Lair:2   | Reached XP level 12. HP: 118/118 MP: 12/12
 11894 | Lair:2   | Reached skill level 15 in Long Blades
 11907 | Lair:2   | Reached skill level 15 in Fighting
 12210 | Lair:3   | Found a staircase to the Snake Pit.
 12572 | Lair:3   | Identified the +8 quarterstaff "Issoiky" {vorpal, +Blink
                  | rN+ Str-5 Dex+2} (Trog gifted it to you on level 3 of the
                  | Lair of Beasts)
 12572 | Lair:3   | Received a gift from Trog
 13431 | Lair:3   | Noticed a five-headed hydra
 13438 | Lair:3   | Killed an eight-headed hydra
 13718 | Lair:3   | Found a snail-covered altar of Cheibriados.
 13889 | Lair:4   | Noticed a four-headed hydra
 13955 | Lair:4   | Killed an eight-headed hydra
 14078 | Lair:4   | Noticed a seven-headed hydra
 14088 | Lair:4   | Killed an eight-headed hydra
 14102 | Lair:4   | Reached XP level 13. HP: 97/127 MP: 13/13
 14283 | Lair:4   | Found a staircase to the Shoals.
 14556 | Lair:4   | Identified a scroll of acquirement
 14557 | Lair:4   | Acquired a +4 demon blade of venom
 15047 | Lair:5   | Found a gate leading to a gauntlet.
 15056 | Gauntlet | Entered a Gauntlet
 15056 | Gauntlet | Found a transporter.
 15065 | Gauntlet | Found a transporter.
 15085 | Gauntlet | Found a transporter.
 15085 | Gauntlet | Found a transporter.
 15096 | Gauntlet | Found a transporter.
 15116 | Gauntlet | Found a transporter.
 15119 | Gauntlet | Found a transporter.
 15123 | Gauntlet | Found a transporter.
 15123 | Gauntlet | Found the amulet of the Air {Inacc Air Fly rElec RMsl}
 15155 | Gauntlet | Noticed a green death
 15159 | Gauntlet | Found a transporter.
 15179 | Gauntlet | Found a transporter.
 15183 | Gauntlet | Found a transporter.
 15191 | Gauntlet | Found a transporter.
 15281 | Gauntlet | Identified the amulet "Nioxueb" {Faith Fly rN+ Regen+
                  | Dex-2}
 15455 | Gauntlet | Killed a green death
 15482 | Gauntlet | Identified the +1 cloak "Ossetwuf" {Rampage}
 15531 | Gauntlet | Noticed a minotaur
 15537 | Gauntlet | Killed a minotaur
 16225 | Lair:6   | Entered Level 6 of the Lair of Beasts
 16750 | Lair:6   | Found a viscous altar of Jiyva.
 16750 | Lair:6   | Found a staircase to the Slime Pits.
 16822 | Lair:6   | Reached skill level 10 in Crossbows
 16880 | Lair:6   | Reached XP level 14. HP: 137/137 MP: 14/14
 16939 | Lair:6   | Reached skill level 10 in Evocations
 17196 | Lair:6   | Acquired 1038 gold pieces
 17285 | Lair:6   | Found a large runed translucent door.
 17285 | Lair:6   | Found a large runed translucent door.
 18048 | D:10     | Found a basalt altar of Yredelemnul.
 18279 | D:10     | Found an ornate altar of the Wu Jian Council.
 18335 | D:10     | Reached skill level 10 in Armour
 18439 | D:10     | Found a stormy altar of Qazlal.
 18451 | D:10     | Found a white marble altar of Elyvilon.
 18451 | D:10     | Found a radiant altar of Vehumet.
 18451 | D:10     | Found an ancient bone altar of Kikubaaqudgha.
 18451 | D:10     | Found a sacrificial altar of Ru.
 18751 | D:11     | Lost mutation: You expend magic power (3 MP) to strengthen
                  | your wands. [potion of mutation]
 18751 | D:11     | Gained mutation: You are partially covered in iridescent
                  | scales. (AC +2) [potion of mutation]
 18751 | D:11     | Gained mutation: You are very agile. (Dex +4) [potion of
                  | mutation]
 18751 | D:11     | Gained mutation: You are resistant to electric shocks.
                  | (rElec) [potion of mutation]
 18896 | D:11     | Found a staircase to the Orcish Mines.
 18898 | D:11     | Reached ****** piety under Trog
 18908 | Orc:1    | Entered Level 1 of the Orcish Mines
 18908 | Orc:1    | Noticed Snorg
 18919 | Orc:1    | Killed Snorg
 19156 | Orc:1    | Received a gift from Trog
 19313 | Orc:1    | Found Epuigaiw's Magic Scroll Emporium.
 19321 | Orc:1    | Bought a scroll of magic mapping for 38 gold pieces
 19321 | Orc:1    | Bought a scroll of magic mapping for 38 gold pieces
 19321 | Orc:1    | Bought a scroll of magic mapping for 38 gold pieces
 19674 | Orc:2    | Entered Level 2 of the Orcish Mines
 19778 | Orc:2    | Found Sush's Antique Armour Boutique.
 19797 | Orc:2    | Received a gift from Trog
 19802 | Orc:2    | Bought a pitted leather armour for 182 gold pieces
 19802 | Orc:2    | Identified the +0 leather armour "Goufethrio" {rN+ Int+5}
                  | (You bought it in a shop on level 2 of the Orcish Mines)
 20047 | Orc:2    | Found a staircase to the Elven Halls.
 20250 | Orc:2    | Found Issoor's Antique Armour Boutique.
 20290 | Orc:2    | Bought a shiny kite shield for 135 gold pieces
 20290 | Orc:2    | Bought a faintly glowing leather armour for 126 gold pieces
 20290 | Orc:2    | Identified the +2 leather armour "Bechoid" {Rampage Int+4}
                  | (You bought it in a shop on level 2 of the Orcish Mines)
 21037 | Orc:2    | Noticed an orc warlord
 21194 | Orc:2    | Reached skill level 1 in Shields
 21194 | Orc:2    | Killed an orc warlord
 21308 | Orc:2    | Found Oxtesmoph's Antique Armour Shoppe.
 21315 | Orc:2    | Found Nank's Antique Weapon Emporium.
 21800 | D:11     | Found a white marble altar of Elyvilon.
 21992 | D:12     | Identified the +8 short sword of Refout {flame, SInv}
 22242 | D:12     | Noticed Jorgrun
 22248 | D:12     | Killed Jorgrun
 22364 | D:12     | Reached skill level 1 in Short Blades
 22436 | D:12     | Found Kob Lotz's Jewellery Emporium.
 22448 | D:12     | Bought the amulet "Vaupniy" {Reflect Regen+ rCorr SH+5} for
                  | 511 gold pieces
 22713 | D:13     | Reached XP level 15. HP: 147/147 MP: 15/15
 23406 | D:13     | Reached skill level 5 in Shields
 23488 | D:14     | Noticed Louise
 23489 | D:14     | Cast into level 3 of the Abyss (Louise)
 23553 | Abyss:3  | Noticed a tentacled starspawn
 23553 | Abyss:3  | Noticed a Hell Sentinel
 23567 | Abyss:3  | Killed a tentacled starspawn
 23570 | Abyss:3  | Noticed an Executioner
 23579 | Abyss:3  | HP: 6/220 [large abomination (19)]
 23581 | Abyss:3  | Mangled by an Executioner

Illustrated notes

Levels and vault maps discovered:
D:1:      heliophobic_arrival_enchanted_forest, layout_rooms
D:2:      layout_loops_ring
D:3:      layout_rooms, general_overflow_altar, ebering_ecumenical_altar_mist,
          kennysheep_generic_room_11
D:4:      layout_loops_ring
D:5:      layout_basic, mainiacjoe_overflow_concentric_impassable, uniq_sigmund,
          uniq_crazy_yiuf_cottage
D:6:      layout_rooms, serial_shops, shop,
          lightli_ossuary_entry_decrepit_ruins, minmay_misc_feat_ornament,
          uniq_grinder, uniq_prince_ribbit1, uniq_pikel, uniq_eustachio
D:7:      layout_basic, overflow_temple_1_default,
          worldfamousw_hep_ancestral_shrine, minmay_temple_entry_statues,
          grunt_ministairs_8
D:8:      layout_rooms, grunt_ministairs_9
D:9:      layout_roguey, mainiacjoe_overflow_alcove_2,
          fedhas_bush_and_centaur_altar, lair_entry_dummy, uniq_psyche,
          uniq_maggie
D:10:     layout_loops_ring, chequers_temple_overflow_statue_of_worship,
          nicolae_qazlal_eye_of_the_storm, jmf_multi_god_temple
D:11:     layout_irregular_city, david_orc_2, nicolae_elyvilon_temple_path
D:12:     layout_irregular_city, serial_shops, shop, uniq_jorgrun
D:13:     layout_roguey
D:14:     layout_basic, david_vaults_2, nemelex_lonely_heart_becter, uniq_louise
Lair:1:   layout_chaotic_city
Lair:2:   nzn_winding_woodlands_three_and_one [nzn_winding_woodlands_5x15_pool,
          nzn_winding_woodlands_5x15_jagged, nzn_winding_woodlands_5x15_eye,
          nzn_winding_woodlands_center_lodge], layout_chaotic_city, st_stairs_13
Lair:3:   layout_roguey [special_room_bee], minmay_snake_entry_guardpost_small,
          kennysheep_snail_temple, serial_bayou_shore_b
Lair:4:   layout_cave_shapes, minmay_shoals_entry_beasts, grunt_megastairs_4,
          lemuel_fruit_tree, infiniplex_staircase_pool_2
Lair:5:   layout_misc_corridors, gauntlet_entry_generic,
          chequers_serial_rivers_large_a, infiniplex_staircase_pool
Lair:6:   cheibrodos_lair_end_hotspot, layout_layer_cave, slime_altar_1,
          minmay_lindwurm_lava
Orc:1:    layout_caves, serial_shops, nicolae_shop_waterfront, uniq_snorg
Orc:2:    grunt_orc_community_town_hall, layout_caves,
          grunt_orc_community_big_house_1, grunt_orc_community_big_house_2,
          grunt_orc_community_house_3, grunt_orc_community_house_3,
          grunt_orc_community_house_1, grunt_orc_community_house_3
Abyss:3:  base: Lair:1, serial_sigils_hangedman_gut,
          hangedman_abyss_stitches_cave, hangedman_stitches_earthworm,
          minivault_28, minivault_19, kilobyte_mutagenic_chamber,
          hangedman_abyss_rune_macabre_mess

Skill      XL: |  1  2  3  4  5  6  7  8  9 10 11 12 13 14 15 |
---------------+----------------------------------------------+-----
Fighting       | 4 5 6 7 8 10 12 13 14 15 16 17 | 17.2
Long Blades    | 4 5 6 7 8 10 12 13 14 15 16 17 | 17.2
Crossbows      | 5 7 8 10 11 | 11.0
Evocations     | 5 7 9 11 | 11.5
Armour         | 5 7 9 10 11 | 11.0
Shields        | 3 5 |  5.5
Short Blades   | 1 2 |  2.8
Dodging        | |  2.1

Action                   |  1- 3 |  4- 6 |  7- 9 | 10-12 | 13-15 || total
-------------------------+-------+-------+-------+-------+-------++-------
Melee: Falchion          |    66 |    99 |   181 |    24 |       ||   370
       Headbutt          |     4 |    14 |    45 |   113 |   146 ||   322
       Long sword        |       |       |       |   394 |    20 ||   414
       Demon blade       |       |       |       |       |   557 ||   557
Invok: Berserk           |     4 |     6 |    13 |    28 |    36 ||    87
       Brothers in Arms  |       |       |       |     1 |    13 ||    14
Evoke: Wand              |       |       |       |    10 |    12 ||    22
       Tin of tremorston |       |       |       |     2 |     6 ||     8
       Box of beasts     |       |       |       |     2 |     2 ||     4
  Use: Scroll            |     1 |     9 |     9 |    11 |    26 ||    56
       Potion            |       |     1 |       |     2 |     5 ||     8
 Stab: Sleeping          |       |     2 |       |       |       ||     2
       Distracted        |       |       |       |     1 |     1 ||     2
Armor: Animal skin       |    11 |     5 |    11 |       |       ||    27
       Scale mail        |       |       |    46 |   168 |   346 ||   560
Dodge: Dodged            |    41 |    59 |    65 |   180 |   277 ||   622
Block: Other             |       |       |       |       |    19 ||    19
       Reflection        |       |       |       |       |     5 ||     5

Table legend: (Time is in decaauts)
 A = Elapsed time spent in this place.
 B = Non-inter-level travel time spent in this place.
 C = Inter-level travel time spent in this place.
 D = Time resting spent in this place.
 E = Time spent auto-exploring this place.
 F = Levels seen in this place.
 G = Mean time per level.
                   A        B        C        D        E       F      G
               +--------+--------+--------+--------+--------+-----+--------+
         Total |  24031 |  23227 |    804 |   7925 |  12119 |  25 |  961.2 |
       Dungeon |  12009 |  11505 |    504 |   3358 |   6748 |  14 |  857.8 |
          Lair |   8781 |   8570 |    211 |   3341 |   4188 |   6 | 1463.5 |
  Orcish Mines |   2406 |   2318 |     88 |    942 |    942 |   2 | 1203.0 |
         Abyss |     82 |     82 |      0 |      2 |     51 |   1 |   82.0 |
       Ossuary |    230 |    230 |      0 |     53 |    123 |   1 |  230.0 |
      Gauntlet |    520 |    520 |      0 |    228 |     66 |   1 |  520.0 |
               +--------+--------+--------+--------+--------+-----+--------+

Top non-repeatable levels by time:
  Lair:1: 1950 daAuts
   Orc:2: 1817 daAuts
  Lair:3: 1780 daAuts
  Lair:2: 1603 daAuts
     D:4: 1475 daAuts
  Lair:6: 1384 daAuts
     D:7: 1162 daAuts
     D:9: 1148 daAuts
     D:6: 1078 daAuts
     D:2: 1064 daAuts
  Lair:5: 1043 daAuts
  Lair:4: 1018 daAuts
     D:5: 996 daAuts
    D:11: 890 daAuts
    D:13: 832 daAuts
